[Event "Championnat du monde jeunes U12"]
[Date "2024.11.16"]
[White "Bocquenet-Drouode, Hugo"]
[Black "Golis, Wiktor"]
[WhiteElo "2002"]
[BlackElo "2343"]
[Round "2.1"]
[Result "0-1"]
[TimeControl "5400+30"]

1. e4 e5 2. Nc3 Nc6 3. g3 Bc5 4. Bg2 Nge7 5. d3 O-O 6. Na4 Bb4+ 7. c3 Bd6 8. c4 Bb4+ 9. Bd2 Bxd2+ 10. Qxd2 f5 11. Ne2 d6 12. Nac3 Be6 13. Nd5 Qd7 14. f4 fxe4 15. dxe4 Bg4 16. Nec3 Nxd5 17. cxd5 Nd4 18. h3 Bf3 19. O-O Bxg2 20. Kxg2 c5 21. Ne2 Nxe2 22. Qxe2 exf4 23. gxf4 Rae8 24. Rae1 Re7 25. Rf3 Rfe8 26. Re3 a6 27. Qd3 Qa4 28. a3 Qd4 29. Qxd4 cxd4 30. Rd3 Rxe4 31. Rxe4 Rxe4 32. Kf3 Re3+ 33. Rxe3 dxe3 34. Kxe3 g6 35. Kf3 Kf7 36. Kg4 Kf6 37. h4 h6 38. b4 b5 39. Kg3 Kf5 40. Kf3 h5 41. Ke3 Kg4 42. Ke4 Kxh4 43. f5 Kg5 44. fxg6 Kxg6 45. Kf4 Kf6 46. Ke4 h4 47. Kf4 h3 48. Kg3 Ke5 49. Kxh3 Kxd5 50. Kg3 Kc4 51. Kf3 Kb3 52. Ke4 Kxa3 53. Kd4 0-1

[Variant "Standard"]
[Site "Europe Echecs"]

[Event "Championnat du monde jeunes U12"]
[Date "2024.11.16"]
[White "Mamikonyan, Artem T"]
[Black "Nicot, Valentin"]
[WhiteElo "1918"]
[BlackElo "2078"]
[Round "2.18"]
[Result "1-0"]
[TimeControl "5400+30"]

1. e4 g6 2. d4 Bg7 3. c3 c6 4. Bd3 d5 5. e5 Nh6 6. Bf4 f6 7. exf6 exf6 8. h4 O-O 9. Bxh6 Bxh6 10. h5 g5 11. Qc2 Qe7+ 12. Ne2 Re8 13. Nd2 Bf5 14. Nf1 Bxd3 15. Qxd3 Qe4 16. Qxe4 Rxe4 17. Ng3 Re6 18. Nf5 Bf8 19. Kd2 Nd7 20. Rae1 Rae8 21. Nc1 Nb6 22. b3 Nc8 23. Rxe6 Rxe6 24. Nd3 Nd6 25. Nc5 Ne4+ 26. Nxe4 Rxe4 27. f3 Re6 28. Re1 Kf7 29. g4 Rxe1 30. Kxe1 a5 31. Ke2 Ke6 32. a4 b6 33. Kd3 Bd6 34. Ne3 Bf4 35. Nc2 Bd6 36. b4 Be7 37. Kd2 Bd6 38. Kc1 Bc7 39. Kb2 Bd6 40. Kb3 Be7 41. b5 c5 42. c4 dxc4+ 43. Kxc4 cxd4 44. Nxd4+ Kd6 45. Nf5+ Ke6 46. Nxe7 Kxe7 47. Kd5 Kd7 48. h6 1-0

[Variant "Standard"]
[Site "Europe Echecs"]

[Event "Championnat du monde jeunes U12"]
[Date "2024.11.16"]
[White "Obidjonov, Oriyat"]
[Black "Bundan, Edward"]
[WhiteElo "2074"]
[BlackElo "1905"]
[Round "2.20"]
[Result "1-0"]
[TimeControl "5400+30"]

1. e4 c5 2. Nf3 Nc6 3. c4 e5 4. Nc3 g6 5. d3 Bg7 6. Be2 Nge7 7. O-O O-O 8. a3 d6 9. h3 f5 10. b4 f4 11. b5 Nd4 12. Nxd4 cxd4 13. Nb1 g5 14. Bg4 Ng6 15. Bxc8 Qxc8 16. Qh5 Qd8 17. a4 Qf6 18. Nd2 Nh4 19. Ba3 Rac8 20. Rac1 b6 21. a5 h6 22. axb6 axb6 23. Bb4 Qe6 24. Qg4 Qg6 25. g3 h5 26. Qd1 g4 27. hxg4 f3 28. Kh2 Qxg4 29. Bxd6 Rf7 30. c5 Ng6 31. Rg1 Nf4 32. Qf1 Ne2 33. Qh3 Qxh3+ 34. Kxh3 Nxg1+ 35. Rxg1 bxc5 36. b6 Rb7 37. Nc4 Bf6 38. Rb1 Bd8 39. Rb5 Kf7 40. Bxc5 Ke6 41. Na5 Rxc5 42. Rxc5 Rxb6 43. Nc4 Rb3 44. Rxe5+ Kd7 45. Rxh5 Bf6 46. Rf5 Ke6 47. Rxf3 Rb1 48. e5 Bxe5 49. Nxe5 Kxe5 50. Kh4 Rh1+ 51. Kg5 Rh8 52. g4 Rg8+ 53. Kh4 Rh8+ 54. Kg3 Rg8 55. Rf5+ Ke6 56. Rf4 Ke5 57. Rf5+ Ke6 58. Kf4 Rg7 59. f3 Rg8 60. Ke4 1-0

[Variant "Standard"]
[Site "Europe Echecs"]

[Event "Championnat du monde jeunes U12"]
[Date "2024.11.16"]
[White "Kleschevnikov, Arseny"]
[Black "Tatvidze, Davit"]
[WhiteElo "1893"]
[BlackElo "2024"]
[Round "2.26"]
[Result "1-0"]
[TimeControl "5400+30"]

1. d4 Nf6 2. c4 e6 3. Nc3 Bb4 4. f3 c5 5. d5 b5 6. e4 d6 7. Ne2 bxc4 8. Nf4 e5 9. Ne2 Nbd7 10. Ng3 Nb6 11. Be2 Bxc3+ 12. bxc3 Bd7 13. O-O h5 14. Bg5 h4 15. Nh1 Rh5 16. Qc1 Qe7 17. Nf2 Rxg5 18. Qxg5 Nfxd5 19. Qxe7+ Nxe7 20. Nd1 d5 21. Ne3 Be6 22. exd5 Nexd5 23. Nxd5 Bxd5 24. a4 Ke7 25. a5 Nd7 26. Ra4 Bc6 27. Ra2 Bd5 28. Rd1 Nf6 29. h3 Rb8 30. Ra4 Rb3 31. Bxc4 Bxc4 32. Rxc4 Nd7 33. Rxh4 Rxc3 34. Ra4 Ke6 35. Rb1 c4 36. a6 Kd6 37. Rab4 Nb6 38. Rxb6+ axb6 39. Ra1 Kd5 1-0

[Variant "Standard"]
[Site "Europe Echecs"]

[Event "Championnat du monde jeunes U12"]
[Date "2024.11.16"]
[White "Lee, Tsuen Jin Aiesec"]
[Black "Macia Tell, Dario"]
[WhiteElo "1806"]
[BlackElo "1520"]
[Round "2.50"]
[Result "1-0"]
[TimeControl "5400+30"]

1. e4 c5 2. Nf3 d6 3. Bb5+ Nd7 4. c4 a6 5. Ba4 Nf6 6. Nc3 g6 7. d3 Bg7 8. h3 O-O 9. Be3 e6 10. O-O Nb6 11. Bb3 e5 12. a3 Be6 13. Qd2 Qd7 14. Bc2 Qc7 15. b4 Nbd7 16. Ng5 a5 17. Nb5 Qb6 18. bxa5 Rxa5 19. Nxd6 Rb8 20. Rfb1 Qc7 21. Nb5 Qd8 22. f4 Ra6 23. Rf1 exf4 24. Bxf4 Rc8 25. Rab1 Nf8 26. Qf2 h6 27. Nxe6 Nxe6 28. Be5 Ng5 29. Bc3 Qe7 30. e5 Nd7 31. h4 Nh7 32. Nd6 Rf8 33. Rxb7 Bxe5 34. Bxe5 Qxe5 35. Rxd7 Rxd6 36. Rxf7 Rf6 37. Rxf8+ Rxf8 38. Qe1 Rxf1+ 39.
Kxf1 Qb2 40. Qe6+ Kg7 41. Qe7+ Kg8 42.
Qe8+ Kg7 43. Qa4 Qc1+ 44. Ke2 Qf4 45.
Qd7+ Kg8 46. Qc8+ Kg7 47. Qb7+ Kg8 48.
Qe4 Qc1 49. Qxg6+ Kh8 50. d4 Nf8 51. Qf5 Kg8 52. d5 Qxa3 53. d6 Qa8 54. Be4 Qa2+ 55. Kf3 Qxc4 56. Bd5+ 1-0

[Variant "Standard"]
[Site "Europe Echecs"]

[Event "Championnat du monde jeunes U12"]
[Date "2024.11.17"]
[White "Luger, Sam"]
[Black "Sobirov, Afruzbek"]
[WhiteElo "2094"]
[BlackElo "1928"]
[Round "3.7"]
[Result "1/2-1/2"]
[TimeControl "5400+30"]

1. d4 Nf6 2. c4 e6 3. g3 d5 4. Bg2 Bb4+ 5. Nd2 O-O 6. Nf3 b6 7. O-O Bb7 8. Ne5 Nbd7 9. cxd5 exd5 10. Qa4 Bd6 11. Nxd7 Qxd7 12. Qxd7 Nxd7 13. Nc4 Be7 14. Bf4 Bf6 15. Rfd1 Ba6 16. Bxd5 c6 17. Bxc6 Bxc4 18. Bxd7 Rad8 19. Bg4 Rxd4 20. b3 Rxf4 21. gxf4 Bxa1 22. bxc4 Bc3 23. Rd7 a5 24. Bf3 f5 25. Bd5+ Kh8 26. e3 Bb4 27. Kf1 Bc5 28. Ke2 g6 29. Rb7 a4 30. Kd3 a3 31. Kc3 Re8 32. Kb3 Re7 33. Rb8+ Kg7 34. Kc2 Ra7 35. Bc6 Rc7 36. Bb5 Re7 37. Rd8 Re6 38. Rd5 Kf6 39. Kd3 Bb4 40. Ke2 Bc5 41. Rd7 Re7 42. Rd8 Re6 43. Rc8 Re7 44. Bc6 Ra7 45. Kd3 Bd6 46. Kc3 Rc7 47. Rxc7 Bxc7 48. Kd4 Bd6 49. Bd5 h6 50. Kd3 g5 51. fxg5+ hxg5 52. h3 Ke5 53. Bc6 Bc5 54. Bd7 f4 55. Ke2 fxe3 56. fxe3 Be7 57. Kf3 Kd6 58. Ba4 Ke5 59. Bc2 Bd8 60. Kg4 Be7 61. Kh5 Kf6 62. Kg4 Ke5 63. Kf3 Bd8 64. Ke2 Be7 65. Kd3 Bb4 66. Bd1 Bc5 67. Bf3 Bb4 68. Bd5 Bc5 69. Bg8 Bb4 70. Ke2 Bc5 71. Kf3 Be7 72. Bh7 Bc5 73. Bd3 Be7 74. Kg4 Bd8 75. Kh5 Kf6 76. Bc2 Be7 77. Kg4 Ke5 78. Bg6 Bd8 79. Kh5 Be7 80. Kh6 Kf6 81. e4 Bd6 82. Be8 Be7 83. Kh5 Bd6 84. Kg4 Be7 85. Bd7 Ke5 86. Bc6 Bd8 87. Kf3 Kd4 88. Bb5 Be7 89. Ba4 Ke5 1/2-1/2

[Variant "Standard"]
[Site "Europe Echecs"]

[Event "Championnat du monde jeunes U12"]
[Date "2024.11.17"]
[White "Kleschevnikov, Arseny"]
[Black "Obidjonov, Oriyat"]
[WhiteElo "1893"]
[BlackElo "2074"]
[Round "3.11"]
[Result "1/2-1/2"]
[TimeControl "5400+30"]

1. d4 Nf6 2. c4 e6 3. Nc3 Bb4 4. e3 c5 5. Ne2 d5 6. a3 Bxc3+ 7. Nxc3 cxd4 8. exd4 dxc4 9. Bxc4 Nc6 10. Be3 O-O 11. O-O b6 12. Ba2 h6 13. Qd3 Ne7 14. Rad1 Bb7 15. Bf4 Nfd5 16. Nxd5 Bxd5 17. Bb1 Ng6 18. Bg3 Bb7 19. Rfe1 Qd5 20. f3 Rfd8 21. Qd2 Nf8 22. Re5 Qc4 23. Bf4 Rd5 24. Rxd5 Qxd5 25. Qf2 Qh5 26. Qg3 Rd8 27. h4 Kh8 28. Be5 f6 29. Bd6 Qd5 30. Be7 Re8 31. Bxf8 Rxf8 32. Qg6 f5 33. Qg3 Qb3 34. Rd2 Rc8 35. Bd3 Bd5 36. Kh2 Qa2 37. Qe5 Qa1 38. Rc2 Rxc2 39. Bxc2 Qa2 40. h5 Qc4 41. Qb8+ Kh7 42. Qe8 1/2-1/2

[Variant "Standard"]
[Site "Europe Echecs"]

[Event "Championnat du monde jeunes U12"]
[Date "2024.11.17"]
[White "Nguyen, Khoi"]
[Black "Miransh Vyas"]
[WhiteElo "1994"]
[BlackElo "1705"]
[Round "3.38"]
[Result "0-1"]
[TimeControl "5400+30"]

1. d4 Nf6 2. c4 e6 3. g3 d5 4. Bg2 Bb4+ 5. Nd2 O-O 6. Nf3 dxc4 7. Qc2 a5 8. Qxc4 b6 9. a3 Ba6 10. Qc2 Be7 11. Nc4 Bb7 12. O-O Be4 13. Qd1 Nbd7 14. b3 Qc8 15. Bb2 Rd8 16. Ncd2 Bb7 17. Rc1 Qb8 18. Rc2 c5 19. Qa1 a4 20. dxc5 bxc5 21. bxa4 Rxa4 22. Nc4 Be4 23. Rcc1 Qb5 24. Nfd2 Bxg2 25. Kxg2 Rda8 26. Rfd1 Nb6 27. Nxb6 Qxb6 28. Nc4 Qb5 29. Qa2 R8a6 30. Be5 h5 31. Qb2 Qc6+ 32. f3 Ra7 33. Rb1 Kh7 34. Qc2+ g6 35. Rb6 Rxc4 36. Qb2 Qa4 37. Bxf6 Bxf6 38. Qxf6 Qxd1 39. Rb8 Qxe2+ 40. Kh3 Qf1# 0-1

[Variant "Standard"]
[Site "Europe Echecs"]

[Event "Championnat du monde jeunes U12"]
[Date "2024.11.17"]
[White "Gao, Heye"]
[Black "Teo, Hong Kai Javier"]
[WhiteElo "1933"]
[BlackElo "1675"]
[Round "3.42"]
[Result "1-0"]
[TimeControl "5400+30"]

1. e4 e6 2. d4 d5 3. Nc3 Bb4 4. Ne2 dxe4 5. a3 Bxc3+ 6. Nxc3 f5 7. Qh5+ g6 8. Qh3 Nc6 9. Bf4 Nge7 10. O-O-O Nd5 11. Bh6 Qe7 12. Bc4 Nxc3 13. Qxc3 Qf6 14. Qg3 e5 15. dxe5 Nxe5 16. Bg5 1-0

[Variant "Standard"]
[Site "Europe Echecs"]

[Event "Championnat du monde jeunes U12"]
[Date "2024.11.17"]
[White "Chen, Jun-Wei"]
[Black "Farzaleev, Daniyar"]
[WhiteElo "1907"]
[BlackElo "1622"]
[Round "3.49"]
[Result "0-1"]
[TimeControl "5400+30"]

1. e4 c5 2. Nf3 Nc6 3. Bb5 g6 4. Bxc6 dxc6 5. d3 Bg7 6. h3 Nf6 7. O-O O-O 8. Qe2 Qc7 9. Nc3 b6 10. Be3 Ba6 11. a4 Rfd8 12. Rfd1 Nh5 13. g3 Bc8 14. Kg2 Qd7 15. g4 Nf6 16. Rh1 h5 17. g5 Ne8 18. Nh4 e5 19. a5 Nc7 20. Qf3 Ba6 21. b3 Ne6 22. axb6 axb6 23. Ne2 Qe7 24. Qg3 Nf4+ 25. Nxf4 exf4 26. Bxf4 Bxa1 27. Rxa1 Bb7 28. Be5 Rxa1 29. Bxa1 Ra8 30. Bf6 Qe6 31. Qc7 Qc8 32. Qe7 Ba6 33. f4 Qb7 34. f5 Qxe7 35. Bxe7 Bc8 36. Kf3 Ra2 37. Kf4 Rxc2 38. Nf3 gxf5 39. exf5 Rf2 40. f6 Be6 41. Kg3 Re2 42. Kf4 Bxb3 43. Ne5 Be6 44. h4 Rh2 45. g6 fxg6 46. Nxg6 Bf7 47. Ne5 Rxh4+ 48. Kg5 Rd4 49. Nxc6 Rxd3 50. Ne5 Rd4 51. Nf3 Rg4+ 52. Kf5 Ra4 53. Ne5 c4 54. Ke4 b5 55. Ke3 b4 56. Kd4 0-1

[Variant "Standard"]
[Site "Europe Echecs"]

[Event "Championnat du monde jeunes U12"]
[Date "2024.11.18"]
[White "Lacan Rus, David"]
[Black "Petroff, Vlad"]
[WhiteElo "2274"]
[BlackElo "2079"]
[Round "4.1"]
[Result "1-0"]
[TimeControl "5400+30"]

1. d4 d5 2. Nf3 c5 3. g3 Nc6 4. Bg2 cxd4 5. Nxd4 e5 6. Nxc6 bxc6 7. c4 Be6 8. Qa4 Qd7 9. Nc3 Nf6 10. Bg5 Be7 11. Bxf6 Bxf6 12. cxd5 cxd5 13. Qxd7+ Kxd7 14. Bxd5 Rab8 15. O-O-O Ke7 16. e4 Rhc8 17. Rd3 Rb4 18. f3 Rcb8 19. b3 Rc8 20. Kb2 a5 21. Rhd1 Rd4 22. Nb5 Rxd3 23. Rxd3 h5 24. Bxe6 fxe6 25. Na3 h4 26. Nc4 Rc5 27. Ka3 Bg5 28. Ka4 h3 29. Rc3 Bd2 30. Rc2 Be1 31. Ka3 Bb4+ 32. Kb2 Rb5 33. Ne3 Bc5 34. Ng4 Bd4+ 35. Ka3 Bg1 36. Ka4 Rb8 37. Kxa5 Rd8 38. Nxe5 Rd1 39. Ng6+ Kf6 40. Nf4 g5 41. Nxh3 Bd4 42. f4 g4 43. Nf2 Bxf2 44. Rxf2 Re1 45. e5+ Kf5 46. b4 Ke4 47. Rb2 Kf3 48. b5 Rg1 49. b6 Rg2 50. Rxg2 Kxg2 51. b7 Kxh2 52. b8=Q Kg2 53. f5 exf5 54. e6 f4 55. Qxf4 Kg1 56. e7 Kh1 57. e8=Q Kg2 58. Qe2+ Kg1 59. Qff1# 1-0

[Variant "Standard"]
[Site "Europe Echecs"]

[Event "Championnat du monde jeunes U12"]
[Date "2024.11.18"]
[White "Filindash, Nikita"]
[Black "Shilon Rahav, Eliran"]
[WhiteElo "2076"]
[BlackElo "2150"]
[Round "4.2"]
[Result "1/2-1/2"]
[TimeControl "5400+30"]

1. d4 d5 2. c4 e6 3. Nc3 Nf6 4. cxd5 exd5 5. Bg5 Be6 6. e3 Nbd7 7. Nf3 c6 8. Bd3 h6 9. Bh4 g5 10. Bg3 Nh5 11. Be5 Rg8 12. Bh7 g4 13. Bxg8 gxf3 14. gxf3 Nxe5 15. dxe5 Qg5 16. Bh7 Qg2 17. Ke2 Rd8 18. Qd4 c5 19. Qa4+ Bd7 20. Qh4 Qg7 21. Bd3 c4 22. Bc2 Qxe5 23. f4 Nxf4+ 24. Qxf4 Qxf4 25. exf4 d4 26. Be4 dxc3 27. bxc3 Bg7 28. Rac1 b5 29. Kf3 f5 30. Bd5 Kf8 31. Rhd1 Be8 32. Kg3 Rd6 33. a4 1/2-1/2

[Variant "Standard"]
[Site "Europe Echecs"]

[Event "Championnat du monde jeunes U12"]
[Date "2024.11.18"]
[White "Golubovic, Erik"]
[Black "Bulgak, Damir"]
[WhiteElo "2147"]
[BlackElo "2044"]
[Round "4.3"]
[Result "1/2-1/2"]
[TimeControl "5400+30"]

1. d4 Nf6 2. c4 e6 3. Nf3 d5 4. g3 Bb4+ 5. Bd2 Be7 6. Bg2 O-O 7. O-O Nbd7 8. Qc2 c6 9. b3 b6 10. Nc3 Ba6 11. e4 dxc4 12. Rfe1 h6 13. h4 e5 14. Ne2 cxb3 15. axb3 Bb7 16. Bc3 Qc7 17. Rad1 c5 18. dxe5 Nxe4 19. Bb2 c4 20. Ned4 c3 21. Ba1 Ndc5 22. Nb5 Qc8 23. b4 Nd2 24. Qxc3 Nxf3+ 25. Bxf3 Bxf3 26. Qxf3 Ne6 27. Qe4 1/2-1/2

[Variant "Standard"]
[Site "Europe Echecs"]

[Event "Championnat du monde jeunes U12"]
[Date "2024.11.18"]
[White "Baturin-Vinogradov, Miroslav"]
[Black "Abdsattar, Alisher"]
[WhiteElo "2048"]
[BlackElo "2082"]
[Round "4.4"]
[Result "0-1"]
[TimeControl "5400+30"]

1. d4 Nf6 2. c4 g6 3. g3 c5 4. dxc5 Qa5+ 5. Nc3 Bg7 6. Bd2 Qxc5 7. Bg2 O-O 8. Rc1 Nc6 9. b3 Rd8 10. e4 Nb4 11. Qe2 Qd6 12. Bf1 Nc6 13. Nf3 Qc5 14. Bg2 d6 15. h3 Bd7 16. Be3 Qa5 17. Bd2 a6 18. a4 Qb6 19. Rb1 Rdb8 20. O-O Qd8 21. Rfd1 Ne8 22. Qe1 Nc7 23. Nd5 b5 24. axb5 axb5 25. Bc3 bxc4 26. Bxg7 Kxg7 27. Qc3+ f6 28. Qxc4 Nb5 29. Ra1 Ne5 30. Nxe5 fxe5 31. Rxa8 Rxa8 32. Ne3 Rc8 33. Qb4 Nd4 34. Rxd4 exd4 35. Qxd4+ Kf7 36. e5 Be6 37. Qf4+ Kg7 38. Qd4 dxe5 39. Qxe5+ Kf7 40. Qf4+ Kg8 41. b4 Qd6 42. Qe4 Rb8 43. Qxe6+ Qxe6 44. Bd5 Kf7 45. Bxe6+ Kxe6 46. Nc2 Rc8 47. Nd4+ Kd5 48. Nf3 Rb8 49. Ne1 Rxb4 50. Nc2 Rb2 51. Ne3+ Ke4 52. Kg2 Kd3 53. Nd5 e5 54. Nf6 e4 55. Kf1 e3 56. fxe3 h5 57. Nd5 Ke4 58. Ne7 Kf3 59. Ke1 Kxe3 60. Kd1 Rd2+ 61. Ke1 Rd6 62. g4 Kf3 63. Nc8 Re6+ 0-1

[Variant "Standard"]
[Site "Europe Echecs"]

[Event "Championnat du monde jeunes U12"]
[Date "2024.11.18"]
[White "Golis, Wiktor"]
[Black "Antipov, Fedor"]
[WhiteElo "2343"]
[BlackElo "1991"]
[Round "4.5"]
[Result "1-0"]
[TimeControl "5400+30"]

1. e4 c5 2. Nf3 e6 3. d4 cxd4 4. Nxd4 Nc6 5. Bf4 d6 6. Nxc6 bxc6 7. Bd3 e5 8. Be3 Nf6 9. O-O Be7 10. c4 O-O 11. Nc3 Be6 12. Qe2 Qc7 13. Rfd1 Rad8 14. Rac1 Qb7 15. b3 Rfe8 16. h3 Rd7 17. c5 d5 18. exd5 Nxd5 19. Nxd5 Bxd5 20. Bf5 Rdd8 21. Bd3 Qc8 22. Qg4 Qxg4 23. hxg4 Rd7 24. Rd2 Red8 25. Rcd1 Kf8 26. b4 Ke8 27. b5 e4 28. Be2 Bxa2 29. bxc6 Rxd2 30. Bxd2 Bxc5 31. c7 Rc8 32. Bf4 Bb6 33. Ba6 Rxc7 34. Bb5+ Kf8 35. Rd8+ Ke7 36. Bxc7 Bxc7 37. Rd7+ Kf6 38.
Rxc7 Be6 39. Bc4 Bxg4 40. Rxf7+ Kg6 41.
Rxa7 h5 42. Bd5 Bf5 43. Ra4 Kg5 44.
Bxe4 Bd7 45. Ra5+ Kh4 46. g3+ Kg4 47. Kg2 1-0

[Variant "Standard"]
[Site "Europe Echecs"]

[Event "Championnat du monde jeunes U12"]
[Date "2024.11.18"]
[White "Smirnov, Mark"]
[Black "Platonovs, Nikolajs"]
[WhiteElo "2300"]
[BlackElo "1969"]
[Round "4.6"]
[Result "1-0"]
[TimeControl "5400+30"]

1. e4 c5 2. Ne2 d6 3. g3 g6 4. Bg2 Bg7 5. c3 Nc6 6. d4 cxd4 7. cxd4 Qb6 8. Nbc3 Nf6 9. h3 O-O 10. b3 e5 11. d5 Ne7 12. Be3 Qd8 13. Qd2 b6 14. O-O Ba6 15. a4 Qd7 16. Rfc1 Rfc8 17. a5 Qb7 18. b4 bxa5 19. Rxa5 Bc4 20. b5 Nd7 21. Rb1 Nb6 22. Na4 Nxa4 23. Rxa4 a6 24. Nc3 axb5 25. Rab4 Qc7 26. Nxb5 Bxb5 27. Rxb5 Rcb8 28. Qb4 Rxb5 29. Qxb5 h5 30. Rc1 Qb8 31. Qd3 Qb7 32. h4 Kh7 33. Rb1 Qc7 34. Bh3 Bh6 35. Bb6 Qb8 36. Qc2 Ra6 37. Qc7 Qxc7 38. Bxc7 Bf8 39. Bf1 Ra4 40. Bxd6 Kg7 41. Rb7 Kf6 42. Rb8 Kg7 43. Re8 Ra7 44. Bxe5+ f6 45. Bxf6+ Kf7 46. Rb8 Nxd5 47. Rxf8+ Kxf8 48. exd5 Kf7 49. Bg5 Ra5 50. d6 Ke6 51. Bf4 Ra1 52. Kg2 Ra4 53. Bb5 Rd4 54. d7 1-0

[Variant "Standard"]
[Site "Europe Echecs"]

[Event "Championnat du monde jeunes U12"]
[Date "2024.11.18"]
[White "Negrean, Andrei"]
[Black "Kleschevnikov, Arseny"]
[WhiteElo "2255"]
[BlackElo "1893"]
[Round "4.7"]
[Result "1/2-1/2"]
[TimeControl "5400+30"]

1. Nf3 d5 2. g3 c5 3. Bg2 Nf6 4. O-O e6 5. c4 d4 6. e3 Nc6 7. d3 Bd6 8. exd4 cxd4 9. Bg5 h6 10. Bxf6 Qxf6 11. Nbd2 Qe7 12. Re1 O-O 13. Nb3 Rd8 14. Nbxd4 Nxd4 15. Nxd4 Bxg3 16. hxg3 Rxd4 17. Qe2 Qd6 18. Rad1 Rb8 19. Qe5 Qxe5 20. Rxe5 b6 21. Re4 Rd7 22. d4 Bb7 23. d5 b5 24. b3 bxc4 25. bxc4 exd5 26. Red4 Rbd8 27. cxd5 Kf8 28.
f4 f5 29. Kf2 Kf7 30. R1d2 Kf6 31. Bf3 Rd6 1/2-1/2

[Variant "Standard"]
[Site "Europe Echecs"]

[Event "Championnat du monde jeunes U12"]
[Date "2024.11.18"]
[White "Stepanyan, Davit"]
[Black "Liu, Patrick"]
[WhiteElo "2011"]
[BlackElo "2192"]
[Round "4.8"]
[Result "1/2-1/2"]
[TimeControl "5400+30"]

1. d4 Nf6 2. c4 e6 3. Nc3 Bb4 4. e3 O-O 5. Bd2 d5 6. Nf3 c5 7. a3 Bxc3 8. Bxc3 Ne4 9. Rc1 Nxc3 10. Rxc3 cxd4 11. exd4 dxc4 12. Bxc4 Nd7 13. O-O Nb6 14. Bd3 Nd5 15. Rc1 b6 16. Re1 Bb7 17. Qd2 h6 18. Ne5 Qe7 19. Bb1 Rac8 20. Qd3 f5 21. Qd2 Qd6 22. Ba2 Kh7 23. f3 Rxc1 24. Rxc1 Rc8 25. Re1 Re8 26. Bb1 Kg8 27. Nc4 Qc7 28. b3 Nf6 29. Ne5 Rc8 30. Nd3 Bd5 31. Rc1 Qd8 32. Rxc8 Qxc8 33. Qc2 Qd8 34. Qc3 Kh7 35. b4 Bb7 36. Nf4 Qd6 37. Qe3 Bd5 38. g4 g6 39. Qe5 Qc6 40. Qxf6 Qc1+ 41. Kf2 Qxf4 42. Qf7+ Kh8 43. Qf8+ Kh7 44. Qf7+ 1/2-1/2

[Variant "Standard"]
[Site "Europe Echecs"]

[Event "Championnat du monde jeunes U12"]
[Date "2024.11.18"]
[White "Radzimski, Antoni"]
[Black "Yang, Maxwell"]
[WhiteElo "2188"]
[BlackElo "1889"]
[Round "4.9"]
[Result "1-0"]
[TimeControl "5400+30"]

1. Nf3 Nf6 2. c4 g6 3. Nc3 d5 4. cxd5 Nxd5 5. Qb3 Nb6 6. d4 Bg7 7. Bf4 O-O 8. Rd1 Nc6 9. d5 Na5 10. Qb4 Nac4 11. e4 Nd6 12. e5 Ne8 13. Be2 f6 14. e6 Nd6 15. h4 f5 16. h5 c6 17. hxg6 hxg6 18. Be5 f4 19. dxc6 bxc6 20. Bxg7 Kxg7 21. Qd4+ Rf6 22. Ne4 Nd5 23. Nxf6 exf6 24. Qc5 Bxe6 25. Nd4 Qd7 26. Nxe6+ Qxe6 27. O-O Ne4 28.
Qd4 Ng5 29. Rfe1 Qf5 30. Qd3 Qd7 31. Bf3 Nxf3+ 32. Qxf3 Rh8 33. Rd4 g5 34. Qe4 Qg4 35. Ra4 Qh4 36. Rxa7+ Kh6 37. Qf5 f3 38. Re8 Qh1+ 39. Kxh1 fxg2+ 40. Kg1 1-0

[Variant "Standard"]
[Site "Europe Echecs"]

[Event "Championnat du monde jeunes U12"]
[Date "2024.11.18"]
[White "Gao, Arthur"]
[Black "Luger, Sam"]
[WhiteElo "1979"]
[BlackElo "2094"]
[Round "4.10"]
[Result "1/2-1/2"]
[TimeControl "5400+30"]

1. e4 e5 2. Nf3 Nc6 3. Bc4 Nf6 4. d3 Bc5 5. O-O d6 6. c3 a5 7. Re1 Ba7 8. Nbd2 O-O 9. Nf1 Be6 10. Bb5 Ne7 11. Ng3 Ng6 12. d4 c6 13. Bd3 Bg4 14. dxe5 Nxe5 15. Be2 Bxf3 16. Bxf3 d5 17. Bg5 h6 18. Be3 Bxe3 19. Rxe3 dxe4 20. Bxe4 Nc4 21. Re2 Nxe4 22. Nxe4 Qxd1+ 23. Rxd1 Rfd8 24. Rde1 1/2-1/2

[Variant "Standard"]
[Site "Europe Echecs"]

[Event "Championnat du monde jeunes U12"]
[Date "2024.11.18"]
[White "Huseynov, Ahmed"]
[Black "Fulgentini, Edoardo"]
[WhiteElo "1886"]
[BlackElo "2075"]
[Round "4.11"]
[Result "0-1"]
[TimeControl "5400+30"]

1. d4 Nf6 2. Nf3 d5 3. g3 e6 4. Bg2 b5 5. O-O Bb7 6. c3 Nbd7 7. Bf4 Be7 8. Nbd2 O-O 9. Ne5 c5 10. dxc5 Nxc5 11. Nb3 Na4 12. Qc2 Rc8 13. Nd4 Qb6 14. Be3 a6 15. Rfd1 Qc7 16. f4 Nb6 17. Ndf3 Bc5 18. Bxc5 Qxc5+ 19. Rd4 Nbd7 20. Rd1 Nxe5 21. Nxe5 Rc7 22. Qd3 Ne4 23. Qe3 f6 24. Nd3 Qe7 25. Bxe4 dxe4 26. Nf2 f5 27. Rd6 a5 28. Qd4 Bd5 29. Qe5 Bxa2 30. Ra1 Bc4 31. Rxa5 Rd7 32. Raa6 Rxd6 33. Rxd6 Rd8 34. Rd4 Rxd4 35. Qxd4 Bxe2 36. Nh3 h6 37. Kf2 Bc4 38. Ke3 Qe8 39. Qd1 Qe7 40. Qd4 Qf7 41. Ng1 Qh5 42. h4 Qg4 43. Kf2 Kh7 44. Qd2 Bd3 45. Qc1 Kg6 46. Qd2 Kh7 47. Qc1 Qh5 48. Qd2 Qf7 49. Qe3 Qb7 50. Nh3 Qa6 51. Qc1 Qa7+ 52. Kg2 e3 53. Ng1 Qb7+ 54. Nf3 Qe4 55. Qe1 Bc4 56. Qd1 Bd5 57. Qe2 Bc6 58. h5 Bd5 59. b3 Ba8 60. c4 bxc4 61. bxc4 Bb7 62. c5 Bc6 0-1

[Variant "Standard"]
[Site "Europe Echecs"]

[Event "Championnat du monde jeunes U12"]
[Date "2024.11.18"]
[White "Obidjonov, Oriyat"]
[Black "Aadik Theophane Lenin"]
[WhiteElo "2074"]
[BlackElo "1857"]
[Round "4.12"]
[Result "1-0"]
[TimeControl "5400+30"]

1. e4 c5 2. Nf3 e6 3. d4 cxd4 4. Nxd4 Nc6 5. Bf4 d6 6. Nxc6 bxc6 7. c4 e5 8. Be3 Nf6 9. Nc3 Be6 10. Be2 Be7 11. O-O O-O 12. b4 d5 13. cxd5 cxd5 14. exd5 Nxd5 15. Nxd5 Bxd5 16.
Qa4 Qc8 17. Rfd1 Qe6 18. b5 Rfd8 19.
Rac1 Bxa2 20. Rxd8+ Bxd8 21. b6 Bxb6 22. Bxb6 Bb3 23. Qa6 f5 24. Ba5 Qd5 25. Rc8+ Rxc8 26. Qxc8+ Kf7 27. Qxf5+ Kg8 28. Qc8+ Kf7 29. Qc7+ Kg6 30. Qxa7 Bc4 31. Qb6+ Kf5 32. g4+ Kg5 33. Qd8+ Kf4 34. Bd2+ Ke4 35. f3+ Kd4 36. Qb6+ 1-0

[Variant "Standard"]
[Site "Europe Echecs"]

[Event "Championnat du monde jeunes U12"]
[Date "2024.11.18"]
[White "Sobirov, Afruzbek"]
[Black "Karthi, Jashith"]
[WhiteElo "1928"]
[BlackElo "2073"]
[Round "4.13"]
[Result "1/2-1/2"]
[TimeControl "5400+30"]

1. e4 c5 2. Nf3 e6 3. Qe2 Nc6 4. g3 g6 5. Bg2 Bg7 6. O-O Nge7 7. c3 e5 8. d4 cxd4 9. cxd4 exd4 10. Bf4 O-O 11. Bd6 Re8 12. Qc4 Na5 13. Qc1 Qb6 14. Bc5 Qa6 15. Nbd2 d3 16. b4 Nac6 17. a4 b5 18. a5 d6 19. Bxd6 Be6 20. Ra3 Rad8 21. Bc5 Ne5 22. Nxe5 Bxe5 23. f4 Bd4+ 24. Bxd4 Rxd4 25. f5 gxf5 26. exf5 Bd5 27. Bxd5 Rxd5 28. Ne4 d2 29. Qa1 d1=Q 30. Rxd1 Rxd1+ 31. Qxd1 Nxf5 32. Qg4+ Ng7 33. Rf3 h5 34. Qh4 Kf8 35. Nf6 Re1+ 36. Kf2 Qe6 37. Nd7+ Ke8 38. Nf6+ Kf8 39. Nd7+ Ke8 40. Nf6+ Kf8 41. Nd7+ Ke8 1/2-1/2

[Variant "Standard"]
[Site "Europe Echecs"]

[Event "Championnat du monde jeunes U12"]
[Date "2024.11.18"]
[White "Aansh Nandan Nerurkar"]
[Black "Dauren, Darmen"]
[WhiteElo "2247"]
[BlackElo "1820"]
[Round "4.14"]
[Result "1-0"]
[TimeControl "5400+30"]

1. e4 c5 2. Nf3 Nf6 3. e5 Nd5 4. Nc3 e6 5. Nxd5 exd5 6. d4 Nc6 7. dxc5 Bxc5 8. Qxd5 d6 9. exd6 Qb6 10. Bc4 Bxf2+ 11. Kd1 O-O 12. c3 Be6 13. Qd3 Bxc4 14. Qxc4 Qc5 15. Qxc5 Bxc5 16. Bf4 Bxd6 17. Bxd6 Rad8 18. Kc2 Rxd6 19. Rhe1 Rfd8 20. Re2 f6 21. Rae1 Kf7 22. a4 a5 23. Rf2 h6 24. Nd2 Re8 25. Rxe8 Kxe8 26. Nc4 Re6 27. Rd2 Ke7 28. Kd1 Ne5 29. Nxa5 b6 30. Nb3 Nc4 31. Rf2 Ne3+ 32. Kd2 Ng4 33.
Rf4 Ne5 34. Nd4 Rd6 35. Ke2 Rd7 36.
Nf5+ Ke6 37. Nd4+ Kf7 38. b3 Rc7 39. Kd2 Nd7 40. Nb5 Rc6 41. Rc4 Rxc4 42. Nd6+ Ke6 43. Nxc4 Kd5 44. Ke3 f5 45. Nd2 Nc5 46. c4+ Kd6 47. Kd4 g5 48. Kc3 f4 49. Kd4 Ke6 50. a5 Nd7 51. axb6 Nxb6 52. b4 Nd7 53. c5 Nf6 54. b5 Kd7 55. c6+ Kd6 56. Ne4+ 1-0

[Variant "Standard"]
[Site "Europe Echecs"]